 Dungeon Crawl Stone Soup version 0.27-a0-1500-g450c7e4133 (webtiles) character file.

Game seed: 3014842556805173765

5581 pyrow613 the Fighter (level 10, -4/119 HPs)
             Began as an Ogre Monk on July 7, 2021.
             Was a High Priest of Yredelemnul.
             Slain by a skeletal warrior (14 damage)
             ... created by the player character
             ... on level 10 of the Dungeon.
             The game lasted 00:35:31 (11466 turns).

pyrow613 the Fighter (Ogre Monk)                   Turns: 11466, Time: 00:35:32

Health: -4/119     AC:  8    Str: 17    XL:     10   Next: 72%
Magic:  15/15      EV: 11    Int: 12    God:    Yredelemnul [*****.]
Gold:   590        SH:  0    Dex: 13    Spells: 6/11 levels left

rFire    . . .     SeeInvis .   a - +0 spear
rCold    . . .     Faith    .   (no shield)
rNeg     . . .     Spirit   .   p - +1 robe
rPois    .         Reflect  .   (helmet restricted)
rElec    .         Harm     .   (no cloak)
rCorr    .         Rampage  .   (gloves unavailable)
Will     +....                  (boots unavailable)
Stlth    ++........             (no amulet)
HPRegen  0.29/turn              o - +4 ring of protection
MPRegen  0.14/turn              (no ring)

@: no status effects
A: large, unfitting armour, tough skin 1
a: Renounce Religion, Recall Undead Slaves, Injury Mirror, Animate Dead, Drain
Life, Enslave Soul


You were on level 10 of the Dungeon.
You worshipped Yredelemnul.
Yredelemnul was extremely pleased with you.
You visited 1 branch of the dungeon, and saw 10 of its levels.
You also visited: Ossuary.

You collected 590 gold pieces.

Inventory:

Hand Weapons
 a - a +0 spear (weapon)
 b - a +2 scythe of chaos
Missiles
 d - 2 curare-tipped darts (quivered)
 g - 292 stones
 j - 11 poisoned darts
Armour
 f - a +0 leather armour
 p - a +1 robe (worn)
Jewellery
 l - a ring of positive energy
 o - a +4 ring of protection (left hand)
 s - a ring of flight
 y - a ring of wizardry
Wands
 v - a wand of paralysis (14)
Scrolls
 h - 5 scrolls of teleportation
 m - 4 scrolls of noise
 t - 3 scrolls of magic mapping
 x - 6 scrolls of identify
 B - 2 scrolls of blinking
 D - a scroll of amnesia
Potions
 c - 7 potions of curing
 e - 2 potions of ambrosia
 i - 4 potions of lignification
 k - a potion of attraction {unknown}
 n - a potion of cancellation {unknown}
 q - a potion of berserk rage {unknown}
 r - a potion of flight {unknown}
 u - 2 potions of might {unknown}
 w - 3 potions of brilliance {unknown}
 z - 2 potions of magic {unknown}
 A - 2 potions of haste {unknown}
 C - a potion of mutation {unknown}
 H - 3 potions of heal wounds {unknown}


   Skills:
 * Level 13.0 Fighting
 * Level 9.9 Polearms
 - Level 3.7 Dodging
 - Level 1.4 Stealth
 - Level 1.1 Spellcasting
 + Level 7.5 Invocations


You had 6 spell levels left.
You knew the following spells:

 Your Spells              Type           Power      Damage    Failure   Level
a - Passwall              Tmut/Erth      0%         N/A       41%         2
b - Swiftness             Air            0%         N/A       65%         3

Your spell library contained the following spells:

 Spells                   Type           Power      Damage    Failure   Level
 Corona                   Hex            0%         N/A       30%         1
 Sandblast                Erth           0%         2d4       30%         1
 Shock                    Conj/Air       0%         1d3       30%         1
 Sting                    Tmut/Pois      0%         1d3       30%         1
 Ensorcelled Hibernation  Hex/Ice        0%         N/A       41%         2
 Poisonous Vapours        Pois/Air       0%         N/A       41%         2
 Dazzling Flash           Conj/Hex       0%         N/A       65%         3
 Spider Form              Tmut/Pois      0%         N/A       65%         3
 Tukima's Dance           Hex            0%         N/A       65%         3
 Airstrike                Air            0%         N/A       96%         4
 Iskenderun's Mystic Bla  Conj/Tloc      0%         2d3       96%         4
 Olgreb's Toxic Radiance  Pois           0%         N/A       96%         4
 Lee's Rapid Deconstruct  Erth           0%         3d5*      100%        5
 Shadow Creatures         Summ           N/A        N/A       100%        6
 Starburst                Conj/Fire      0%         8x6d3     100%        6


Dungeon Overview and Level Annotations

Branches:
Dungeon (10/15)            Temple (0/1) D:7            Lair (0/6) D:10
    Orc (0/2) D:10        Ossuary (visited)

Altars:
Ashenzari
Dithmenos
Elyvilon
Hepliaklqana
Yredelemnul
Zin
The Shining One

Annotations:
D:3 2 transporters


Innate Abilities, Weirdness & Mutations

You are too large for most types of armour.
You have tough skin. (AC +1)


Message History

Your vampire closely misses the skeletal warrior.
Your vampire bites the skeletal warrior!
The skeletal warrior hits you with a +0 mace!!
* * * LOW HITPOINT WARNING * * *
Your flying skull hits the vault guard.
The vault guard hits you with a +3 dire flail.
* * * LOW HITPOINT WARNING * * *
Your vampire hits the vault guard!
Your vampire closely misses the vault guard.
Your flying skull hits the vault guard but does no damage.
You completely miss the skeletal warrior.
The skeletal warrior is moderately damaged.
Your vampire hits the vault guard but does no damage.
Your vampire bites the vault guard!
Your vampire draws strength from the vault guard's injuries!
The skeletal warrior hits you with a +0 mace.
* * * LOW HITPOINT WARNING * * *
The vault guard hits you with a +3 dire flail!
* * * LOW HITPOINT WARNING * * *
You bump into the rock wall.
Your flying skull closely misses the vault guard.
Your vampire closely misses the vault guard.
Your vampire bites the vault guard but does no damage.
Your phantasmal warrior blinks!
Your flying skull barely misses the vault guard.
The skeletal warrior hits you with a +0 mace.
* * * LOW HITPOINT WARNING * * *
Your wight barely misses the vault guard.
Unknown command.
Unknown command.
You feel better.
You feel less invigorated.
Your flying skull hits the vault guard.
The vault guard hits you with a +3 dire flail!
* * * LOW HITPOINT WARNING * * *
Your vampire closely misses the vault guard.
Your vampire bites the vault guard.
Your vampire draws strength from the vault guard's injuries!
The skeletal warrior hits you with a +0 mace!
You die...
Your body rises from the dead as a mindless zombie.

######### #.........##+######
########### #######............
.....##...# #....'.#####......
.....##...# #....#.#####..#...
.....##.Z.# #....#............
#######z##########..#............
#####.zz.W.zW.zz.#..##..........#
##..#...##'##zVpz#.. #......... #
##..#...#≈.≈####@#.. #.......#..#
##..#.z.#...# #.#.. #..........+
##..#...#≈.≈# ##.# #...........
##..#zz.##+## ...## #..###.....#
.VWV'...# #≈≈≈≈###..#####_###
W#..#...# ....≈.....###.....#
.#..#.### .≈≈≈≈..............
##..#.#### ...................#
#####....# #######'###########


You could see a vault guard (very poisoned, slow, ally target), a skeletal
warrior, a friendly phantasmal warrior, a friendly vampire (invisible), a
friendly wraith, 2 friendly flying skulls and 2 friendly wights.

Vanquished Creatures
  A two-headed ogre (D:5)
  A wraith (D:10)
  2 yaks (D:10)
  An acid dragon (D:9)
  2 water moccasins
  4 centaurs
  A gnoll sergeant (D:6)
  3 bullfrogs
  3 scorpions
  A wyvern zombie (D:8)
  A wyvern skeleton (D:7)
  A killer bee (D:9)
  3 wights (D:7)
  A howler monkey (D:7)
  5 centaur zombies
  An orc priest (D:3)
  2 human zombies (Ossuary)
  An iguana (D:6)
  3 orc wizards
  Natasha (D:2)
  2 mummies (Ossuary)
  A howler monkey zombie (D:5)
  2 gnolls
  2 adders
  2 ufetubi (D:6)
  2 dart slugs (D:3)
  14 orcs
  An endoplasm (D:2)
  2 giant cockroaches
  11 goblins
  6 hobgoblins
  7 jackals
  3 quokkas
  9 ball pythons
  9 bats
  5 frilled lizards
  2 gnoll zombies (Ossuary)
  A goblin zombie (Ossuary)
  2 kobolds (D:1)
  2 kobold zombies (Ossuary)
  4 orc zombies (Ossuary)
  7 rats
134 creatures vanquished.

Vanquished Creatures (collateral kills)
  A two-headed ogre (D:9)
  A komodo dragon (D:10)
  A troll (D:10)
  4 yaks (D:10)
  Sigmund (D:4)
  2 wyverns
  2 water moccasins (D:6)
  4 ice beasts
  2 orc warriors
  A sky beast (D:5)
  An ogre (D:6)
  2 centaurs (D:8)
  A bullfrog (D:6)
  7 scorpions
  2 gnoll sergeants
  2 killer bees (D:9)
  A wight (D:7)
  2 howler monkeys (D:7)
  An electric eel (D:6)
  A centaur zombie (D:10)
  2 orc priests (D:5)
  A bullfrog skeleton (D:5)
  A centaur skeleton (D:7)
  2 human zombies (Ossuary)
  2 scorpion zombies (Ossuary)
  Terence (D:2)
  Natasha (twice) (D:2)
  9 orc wizards
  A mummy (Ossuary)
  Robin (D:4)
  18 gnolls
  2 adders
  A shadow imp (D:6)
  A worm (D:2)
  A dart slug (D:1)
  18 orcs
  A giant cockroach (D:3)
  A gnoll zombie (Ossuary)
  9 goblins
  2 hobgoblins (D:1)
  2 jackals
  A kobold (D:1)
  2 ball pythons (D:1)
  A frilled lizard (D:1)
  A goblin zombie (D:8)
  2 hobgoblin zombies (Ossuary)
  A kobold zombie (Ossuary)
  2 orc zombies (Ossuary)
  A quokka zombie (D:8)
  2 rats (D:1)
130 creatures vanquished.

Vanquished Creatures (others)
  A wraith (D:10)
  8 flying skulls
  A mummy (D:4)
  3 bat zombies (D:1)
  2 ball python zombies (D:1)
  A frilled lizard zombie (D:1)
  A jackal zombie (D:1)
  3 orc zombies (D:6)
  2 scorpion zombies (Ossuary)
  A water moccasin zombie (D:6)
  5 plants (D:10)
28 creatures vanquished.

Grand Total: 292 creatures vanquished

Notes
Turn   | Place    | Note
-------+----------+-------------------------------------------
     0 | D:1      | pyrow613 the Ogre Monk began the quest for the Orb.
     0 | D:1      | Reached XP level 1. HP: 24/24 MP: 1/1
     9 | D:1      | Found a faded altar of an unknown god.
    64 | D:1      | Became a worshipper of Yredelemnul the Dark
    64 | D:1      | Reached * piety under Yredelemnul
    64 | D:1      | Reached ** piety under Yredelemnul
   143 | D:1      | Reached XP level 2. HP: 32/32 MP: 2/2
   179 | D:1      | Reached *** piety under Yredelemnul
   523 | D:1      | Reached XP level 3. HP: 40/40 MP: 4/4
   628 | D:1      | Received a gift from Yredelemnul (4 flying skulls)
   670 | D:1      | Reached skill level 1 in Invocations
  1029 | D:2      | Reached skill level 1 in Spellcasting
  1120 | D:2      | Noticed Natasha
  1124 | D:2      | Killed Natasha
  1125 | D:2      | Reached skill level 5 in Fighting
  1139 | D:2      | Found a hazy altar of Hepliaklqana.
  1199 | D:2      | Reached XP level 4. HP: 34/50 MP: 5/5
  1478 | D:2      | Noticed Natasha
  1496 | D:2      | Killed Natasha
  1607 | D:2      | Noticed Natasha
  1614 | D:2      | Killed Natasha
  1615 | D:2      | Reached XP level 5. HP: 42/57 MP: 6/6
  1899 | D:2      | Noticed Terence
  1906 | D:2      | Killed Terence
  2038 | D:2      | Reached **** piety under Yredelemnul
  2163 | D:3      | Received a gift from Yredelemnul (a mummy)
  2364 | D:3      | Noticed a centaur
  2366 | D:3      | Found a glowing silver altar of Zin.
  2370 | D:3      | Found a transporter.
  2384 | D:3      | Found a transporter.
  2641 | D:3      | Found a glowing golden altar of the Shining One.
  2831 | D:3      | Reached skill level 6 in Fighting
  3325 | D:4      | Noticed Robin
  3334 | D:4      | Killed Robin
  3335 | D:4      | Reached XP level 6. HP: 58/67 MP: 7/7
  3517 | D:4      | Noticed Sigmund
  3527 | D:4      | Killed Sigmund
  4168 | D:5      | Entered Level 5 of the Dungeon
  4448 | D:5      | Reached skill level 7 in Fighting
  4448 | D:5      | Reached XP level 7. HP: 78/78 MP: 9/9
  4587 | D:5      | Received a gift from Yredelemnul (a wraith)
  4716 | D:5      | Reached skill level 5 in Polearms
  4716 | D:5      | Noticed a two-headed ogre
  4720 | D:5      | Killed a two-headed ogre
  4721 | D:5      | Reached skill level 9 in Fighting
  4721 | D:5      | Reached XP level 8. HP: 72/92 MP: 8/11
  5297 | D:6      | Received a gift from Yredelemnul (4 flying skulls)
  5466 | D:6      | Reached skill level 5 in Invocations
  5476 | D:6      | Received a gift from Yredelemnul (a wight)
  5476 | D:6      | Reached XP level 9. HP: 42/101 MP: 8/12
  5479 | D:6      | Reached skill level 10 in Fighting
  5595 | D:6      | Identified the +6 short sword of the Vanishing Wonders
                  | {flame, rC+ rN+ Int+4 Stlth+}
  5924 | D:6      | Received a gift from Yredelemnul (a wight)
  6358 | D:7      | Reached ***** piety under Yredelemnul
  6689 | D:7      | Found a staircase to the Ecumenical Temple.
  6775 | D:7      | Learned a level 2 spell: Passwall
  6779 | D:7      | Learned a level 3 spell: Swiftness
  7002 | D:7      | Identified the +0 ring mail of Uskayaw's Wrath {*Corrode
                  | +Blink rN+ Str+2}
  7398 | D:8      | Found a sand-covered staircase.
  7415 | Ossuary  | Entered an ossuary
  7430 | Ossuary  | Reached skill level 11 in Fighting
  7521 | Ossuary  | Received a gift from Yredelemnul (3 flying skulls)
  7629 | Ossuary  | Received a gift from Yredelemnul (a wraith)
  7887 | D:8      | Found a hazy altar of Hepliaklqana.
  7923 | D:8      | Reached XP level 10. HP: 58/115 MP: 14/14
  8344 | D:8      | Received a gift from Yredelemnul (a skeletal warrior)
  8355 | D:8      | Found a white marble altar of Elyvilon.
  8360 | D:8      | Found a shadowy altar of Dithmenos.
  8666 | D:8      | Reached skill level 12 in Fighting
  9023 | D:9      | Received a gift from Yredelemnul (a vampire)
  9454 | D:9      | Noticed a two-headed ogre
  9466 | D:9      | Killed a two-headed ogre
 10049 | D:10     | Entered Level 10 of the Dungeon
 10075 | D:10     | Found a broken altar of Ashenzari.
 10134 | D:10     | Noticed Snorg
 10257 | D:10     | Killed Snorg
 10257 | D:10     | Enslaved Snorg
 10444 | D:10     | Found a staircase to the Orcish Mines.
 10549 | D:10     | Received a gift from Yredelemnul (a phantasmal warrior)
 11031 | D:10     | Found a staircase to the Lair.
 11045 | D:10     | Reached skill level 13 in Fighting
 11440 | D:10     | Noticed a vault guard
 11466 | D:10     | Slain by a skeletal warrior

Illustrated notes

Levels and vault maps discovered:
D:1:      amcnicky_arrival_blooded_trapdoor, layout_rooms,
          ebering_ecumenical_altar_ruins, minmay_box_of_dots
D:2:      layout_basic, basic_altar, uniq_natasha, uniq_terence
D:3:      layout_loops_cross, gammafunk_temple_overflow_arena,
          nicolae_tso_swordbearing_angel
D:4:      layout_basic, uniq_robin, uniq_sigmund
D:5:      layout_loops_cross
D:6:      layout_rooms, nicolae_lava_and_water, minmay_misc_feat_four_crosses,
          corner_web_ring
D:7:      layout_loops_ring, minmay_temple_entry_offerings
D:8:      layout_basic, grunt_temple_overflow_open, enter_ossuary_4
D:9:      layout_loops_ring
D:10:     layout_stronghold, cheibrodos_ashenzari_chains, david_lair_shrubbed,
          orc_0_dummy, enter_trove_5, chequers_serial_rivers_micro_d,
          abandoned_shop, uniq_snorg

Skill      XL: |  1  2  3  4  5  6  7  8  9 10 |
---------------+-------------------------------+-----
Invocations    | 1 2 3 4 5 6 7 |  7.5
Spellcasting   | 1 |  1.1
Fighting       | 5 6 7 9 11 13 | 13.0
Dodging        | 3 |  3.7
Polearms       | 4 6 8 9 |  9.9
Stealth        | |  1.4

Action                   |  1- 3 |  4- 6 |  7- 9 | 10-12 || total
-------------------------+-------+-------+-------+-------++-------
Melee: Spear             |   125 |   134 |       |   175 ||   434
       Scythe            |       |    13 |   165 |     2 ||   180
Throw: Dart              |     2 |       |       |     3 ||     5
Invok: Animate Dead      |     5 |     2 |     9 |     2 ||    18
       Animate Remains   |     1 |       |       |       ||     1
       Recall Undead Sla |       |       |       |     2 ||     2
       Enslave Soul      |       |       |       |     1 ||     1
  Use: Scroll            |       |       |     8 |     7 ||    15
       Potion            |       |       |       |     2 ||     2
 Stab: Sleeping          |     6 |     7 |     9 |     1 ||    23
       Distracted        |       |     1 |     3 |     6 ||    10
Armor: Robe              |    36 |    25 |    64 |    61 ||   186
Dodge: Dodged            |    51 |    38 |    86 |    88 ||   263

Table legend: (Time is in decaauts)
 A = Elapsed time spent in this place.
 B = Non-inter-level travel time spent in this place.
 C = Inter-level travel time spent in this place.
 D = Time resting spent in this place.
 E = Time spent auto-exploring this place.
 F = Levels seen in this place.
 G = Mean time per level.
                   A        B        C        D        E       F      G
               +--------+--------+--------+--------+--------+-----+--------+
         Total |  11532 |  11326 |    206 |   1811 |   7678 |  11 | 1048.4 |
       Dungeon |  11071 |  10865 |    206 |   1759 |   7501 |  10 | 1107.1 |
       Ossuary |    460 |    460 |      0 |     52 |    177 |   1 |  460.0 |
               +--------+--------+--------+--------+--------+-----+--------+

Top non-repeatable levels by time:
    D:10: 1370 daAuts
     D:2: 1292 daAuts
     D:8: 1244 daAuts
     D:7: 1139 daAuts
     D:6: 1099 daAuts
     D:3: 1061 daAuts
     D:9: 1040 daAuts
     D:5: 1002 daAuts
     D:4: 959 daAuts
     D:1: 860 daAuts
 Ossuary: 460 daAuts
